 Dungeon Crawl Stone Soup version 0.27.1-2-g3b301248ec (webtiles) character file.

Game seed: 13177254083306071049

2296 Revguard the Skirmisher (level 9, -13/88 HPs)
             Began as an Ogre Conjurer on Oct 2, 2021.
             Was an Initiate of Vehumet.
             Mangled by kamnev09's ghost (21 damage)
             ... on level 6 of the Dungeon.
             The game lasted 00:36:56 (9814 turns).

Revguard the Skirmisher (Ogre Conjurer)             Turns: 9814, Time: 00:36:57

Health: -13/88     AC: 12    Str: 19    XL:     9   Next: 40%
Magic:  4/17       EV: 10    Int: 26    God:    Vehumet [......]
Gold:   23         SH:  0    Dex:  9    Spells: 4/18 levels left

rFire    . . .     SeeInvis .   w - +0 giant club
rCold    . . .     Faith    .   (shield currently unavailable)
rNeg     . . .     Spirit   .   d - +2 steam dragon scales
rPois    .         Reflect  .   (helmet restricted)
rElec    .         Harm     .   g - +1 cloak
rCorr    .         Rampage  .   (gloves unavailable)
Will     .....     Clarity  +   (boots unavailable)
Stlth    +.........             s - amulet of magic regeneration
HPRegen  0.24/turn              q - +6 ring of strength
MPRegen  0.40/turn              t - +6 ring of intelligence

@: no status effects
A: large, unfitting armour, tough skin 1, iridescent scales 1, clarity, subdued
magic 1, MP-powered wands
a: Renounce Religion


You were on level 6 of the Dungeon.
You worshipped Vehumet.
Vehumet was noncommittal.
You visited 2 branches of the dungeon, and saw 7 of its levels.
You also visited: Sewer.

You collected 240 gold pieces.
You spent 217 gold pieces at shops.

Inventory:

Hand Weapons
 f - a +0 war axe
 m - a +1 flail of freezing
 w - a +0 giant club (weapon)
Armour
 a - a +0 robe
 d - +2 steam dragon scales (worn)
 g - a +1 cloak (worn)
Jewellery
 c - an amulet of guardian spirit
 q - a +6 ring of strength (left hand)
 s - an amulet of magic regeneration (around neck)
 t - a +6 ring of intelligence (right hand)
Wands
 h - a wand of flame (12)
 l - a wand of polymorph (9)
 o - a wand of digging (5)
Scrolls
 b - 2 scrolls of noise
 n - a scroll of enchant armour
 p - a scroll of vulnerability
 r - 4 scrolls of fog
 v - 2 scrolls of fear
 x - 2 scrolls of enchant weapon
Potions
 e - a potion of curing
 u - 2 potions of resistance
 z - 2 potions of cancellation
 A - a potion of flight


   Skills:
 + Level 5.6 Fighting
 + Level 3.7 Maces & Flails
 + Level 3.3 Armour
 + Level 4.3 Dodging
 - Level 1.4 Stealth
 + Level 5.3 Spellcasting
 + Level 5.4 Conjurations
 + Level 3.5 Hexes
 + Level 3.0 Evocations


You had 4 spell levels left.
You knew the following spells:

 Your Spells              Type           Power      Damage    Failure   Level
a - Magic Dart            Conj           100%       1d8       1%          1
b - Searing Ray           Conj           54%        3d5       1%          2
c - Dazzling Flash        Conj/Hex       46%        N/A       2%          3
d - Fulminant Prism       Conj/Hex       11%        3d9       10%         4
e - Iskenderun's Mystic   Conj/Tloc      16%        2d5       21%         4

Your spell library contained the following spells:

 Spells                   Type           Power      Damage    Failure   Level
 Beastly Appendage        Tmut           10%        N/A       6%          1
 Call Imp                 Summ           5%         N/A       9%          2
 Wereblood                Tmut           5%         N/A       9%          2
 Mephitic Cloud           Conj/Pois/Air  12%        N/A       9%          3
 Gell's Gravitas          Tloc           2%         N/A       19%         3
 Spider Form              Tmut/Pois      2%         N/A       19%         3
 Teleport Other           Tloc           5%         N/A       19%         3
 Dispersal                Tloc           2%         N/A       100%        6


Dungeon Overview and Level Annotations

Branches:
Dungeon (6/15)             Temple (1/1) D:6           Sewer (visited)

Altars:
Ashenzari
Cheibriados
Dithmenos
Elyvilon
Gozag
Kikubaaqudgha
Makhleb
Nemelex Xobeh
Okawaru
Sif Muna
Trog
Vehumet
Wu Jian
Xom
Yredelemnul
The Shining One

Shops:
D:1 ?   D:3 (   D:6 [*[([

Annotations:
D:6 1 transporter, kamnev09's ghost, novice MiBe


Innate Abilities, Weirdness & Mutations

You are too large for most types of armour.
You have tough skin. (AC +1)
You are partially covered in iridescent scales. (AC +2)
You possess an exceptional clarity of mind.
Your spells are a little easier to cast, but a little less powerful.
You expend magic power (3 MP) to strengthen your wands.


Message History

Kamnev09's ghost hits you!
The searing ray hits kamnev09's ghost but does no damage.
Kamnev09's ghost is moderately damaged.
Kamnev09's ghost closely misses you.
Press: ? - help, v - describe, . - travel
Here: kamnev09's ghost (moderately damaged)
The floor, spattered with blood.
You closely miss kamnev09's ghost.
Kamnev09's ghost is moderately damaged.
Kamnev09's ghost hits you but does no damage.
Kamnev09's ghost misses you.
You bludgeon kamnev09's ghost!!
Kamnev09's ghost is severely damaged.
Kamnev09's ghost hits you!!
* * * LOW HITPOINT WARNING * * *
You hit kamnev09's ghost.
Kamnev09's ghost is severely damaged.
Kamnev09's ghost hits you.
* * * LOW HITPOINT WARNING * * *
Casting: Searing Ray (safe; 1% risk of failure)
Confirm with . or Enter, or press ? or * to list all spells.
You erupt in a blast of force!
The mystic blast hits kamnev09's ghost but does no damage.
Kamnev09's ghost is severely damaged.
Kamnev09's ghost hits you.
* * * LOW HITPOINT WARNING * * *
You feel better. Kamnev09's ghost barely misses you.
You can't see any enemies this would affect, really read the scroll of fear?
Okay, then.
Kamnev09's ghost hits you but does no damage.
There is a transporter landing site, spattered with blood here.
You barely miss kamnev09's ghost.
Kamnev09's ghost is severely damaged.
Kamnev09's ghost misses you.
You thump kamnev09's ghost!
Kamnev09's ghost is severely damaged.
Kamnev09's ghost hits you!
* * * LOW HITPOINT WARNING * * *
Kamnev09's ghost hits you!!
You die...

##...............................
#...........#####................
..........###.©.###..............
#........##.......#.##...........
#........#..#.#...#.###..........
##.###...#..#.#...#..###.........
### ##..##.....#.##.###.#.##.##.
#...#..#...#.#.#...#######.
#..©#"=.©#@..#....## ##.
#...#$#..W..##.#...# ##..
###..##.#...#.#©....######...
#....#..#.##..##.##.....#....
###..#.#...#...#.#.....#.....
#..##..#....##.#...........
##..#......##..........###.
##.##.#####..##.##....##..
#..###...................


You could see kamnev09's ghost.

Vanquished Creatures
  The ghost of makewrite the Slasher, an amateur MiGl of Trog (D:4)
  Sigmund (D:3)
  A steam dragon (D:4)
  Menkaure (D:6)
  A water moccasin (D:6)
  A black bear (D:6)
  An ogre (D:6)
  2 bullfrogs (Sewer)
  5 scorpions
  A bullfrog zombie (D:5)
  3 quasits (D:6)
  A centaur zombie (D:4)
  An orc priest (D:6)
  3 jellies
  A gnoll shaman (D:5)
  2 iguanas (D:4)
  A scorpion zombie (D:5)
  Natasha (thrice) (D:3)
  2 orc wizards
  A killer bee zombie (D:5)
  Robin (D:2)
  8 gnolls
  15 adders
  4 river rats
  2 adder skeletons (D:4)
  3 worms
  A dart slug (D:5)
  11 orcs
  20 ball pythons
  7 endoplasms
  17 giant cockroaches
  25 goblins
  9 hobgoblins
  A jackal (D:4)
  11 kobolds
  2 quokkas
  6 bats
  3 frilled lizards
  31 rats
210 creatures vanquished.

Vanquished Creatures (others)
  31 fulminant prisms
  2 plants (D:1)
33 creatures vanquished.

Grand Total: 243 creatures vanquished

Notes
Turn   | Place    | Note
-------+----------+-------------------------------------------
     0 | D:1      | Revguard the Ogre Conjurer began the quest for the Orb.
     0 | D:1      | Reached XP level 1. HP: 16/16 MP: 3/3
   235 | D:1      | Reached XP level 2. HP: 26/26 MP: 2/5
   238 | D:1      | Learned a level 2 spell: Searing Ray
   268 | D:1      | Found Pits's Magic Scroll Shoppe.
   533 | D:1      | Reached skill level 1 in Fighting
   723 | D:1      | Reached XP level 3. HP: 23/33 MP: 3/6
   938 | D:1      | Learned a level 3 spell: Dazzling Flash
  1639 | D:2      | Noticed Robin
  1649 | D:2      | Killed Robin
  1650 | D:2      | Reached skill level 1 in Maces & Flails
  1650 | D:2      | Reached XP level 4. HP: 31/42 MP: 4/8
  1688 | D:2      | Reached skill level 1 in Armour
  1688 | D:2      | HP: 2/42 [goblin[Robin] (10)]
  2443 | D:2      | Reached XP level 5. HP: 47/49 MP: 5/9
  2891 | D:1      | Bought a scroll of fear for 38 gold pieces
  2891 | D:1      | Bought a scroll of identify for 22 gold pieces
  2891 | D:1      | Bought a scroll of teleportation for 33 gold pieces
  3224 | D:3      | Noticed Natasha
  3239 | D:3      | Killed Natasha
  3240 | D:3      | Reached skill level 1 in Hexes
  3466 | D:3      | Noticed Natasha
  3477 | D:3      | Killed Natasha
  3688 | D:3      | Found a faded altar of an unknown god.
  3737 | D:3      | Learned a level 4 spell: Fulminant Prism
  3894 | D:3      | Found Bilaa's Weapon Shop.
  4132 | D:3      | Noticed Sigmund
  4138 | D:3      | Killed Sigmund
  4139 | D:3      | Reached XP level 6. HP: 39/61 MP: 0/11
  4386 | D:3      | Noticed Natasha
  4390 | D:3      | Killed Natasha
  4391 | D:3      | Reached skill level 1 in Evocations
  4509 | D:4      | Reached XP level 7. HP: 37/67 MP: 2/12
  4666 | D:4      | Noticed a steam dragon
  4679 | D:4      | Found a transporter.
  4679 | D:4      | Noticed makewrite's ghost (amateur MiGl)
  5317 | D:4      | Found a transporter.
  5870 | D:4      | Killed a steam dragon
  5875 | D:4      | Reached XP level 8. HP: 26/78 MP: 3/14
  6307 | D:4      | Killed makewrite's ghost
  6621 | D:1      | Bought a scroll of enchant armour for 82 gold pieces
  6687 | D:5      | Entered Level 5 of the Dungeon
  7409 | D:5      | Found a glowing drain.
  7417 | Sewer    | Entered a sewer
  7454 | Sewer    | Reached skill level 5 in Conjurations
  7783 | Sewer    | Gained mutation: You sometimes lose the ability to read
                  | scrolls when taking damage. [potion of mutation]
  7783 | Sewer    | Gained mutation: You are frail. (-10% HP) [potion of
                  | mutation]
  7783 | Sewer    | Lost mutation: You are frail. (-10% HP) [potion of
                  | mutation]
  7858 | Sewer    | Reached skill level 5 in Fighting
  7888 | Sewer    | Lost mutation: You sometimes lose the ability to read
                  | scrolls when taking damage. [potion of mutation]
  7888 | Sewer    | Gained mutation: You expend magic power (3 MP) to
                  | strengthen your wands. [potion of mutation]
  7888 | Sewer    | Gained mutation: You are partially covered in iridescent
                  | scales. (AC +2) [potion of mutation]
  7888 | Sewer    | Gained mutation: Your spells are a little easier to cast,
                  | but a little less powerful. [potion of mutation]
  7888 | Sewer    | Gained mutation: You possess an exceptional clarity of
                  | mind. [potion of mutation]
  8346 | D:6      | Found a staircase to the Ecumenical Temple.
  8370 | Temple   | Entered the Ecumenical Temple
  8562 | Temple   | Became a worshipper of Vehumet
  8599 | D:6      | Found Ytysiol's General Store.
  8601 | D:6      | Noticed Menkaure
  8608 | D:6      | Killed Menkaure
  8609 | D:6      | Reached skill level 5 in Spellcasting
  8609 | D:6      | Reached XP level 9. HP: 77/88 MP: 9/16
  8636 | D:6      | Bought a scroll of fear for 42 gold pieces
  8694 | D:6      | Found Hezal's Antique Armour Shop.
  8727 | D:6      | Found Igianil's Armour Shop.
  8738 | D:6      | Found Zoith's Antique Armour Boutique.
  8956 | D:6      | Found a transporter.
  8965 | D:6      | Noticed kamnev09's ghost (novice MiBe)
  8979 | D:6      | Learned a level 4 spell: Iskenderun's Mystic Blast
  9023 | D:6      | Found a transporter.
  9092 | D:6      | Found Emimigruosm's Antique Weapon Shop.
  9805 | D:6      | HP: 3/88 [kamnev09's ghost (5)]
  9814 | D:6      | Mangled by kamnev09's ghost

Illustrated notes

Levels and vault maps discovered:
D:1:      grunt_arrival_crossed_arrows, layout_rooms, serial_shops, shop_statue,
          chequers_serial_rivers_small_3, hex_tiny, serial_bayou_pond_b,
          serial_bayou_pond_e, hangedman_decor_growths, minmay_fountain_box,
          serial_park_tiny_pond, chequers_serial_rivers_large_a
D:2:      minmay_roachtagon, layout_basic, uniq_robin
D:3:      layout_loops_corners, serial_shops, nicolae_shop_trees,
          ebering_ecumenical_altar_petrified, kennysheep_generic_room_5,
          uniq_sigmund, uniq_natasha
D:4:      layout_basic, gammafunk_ghost_arena, st_stairs_4
D:5:      layout_cave_pools, portal_sewer_entry_e
D:6:      layout_cave_pools, minmay_temple_entry_large_hall,
          gammafunk_ghost_stat_death, serial_shops, nicolae_shop_crystal,
          kennysheep_mini_moat, shop, shop, nicolae_stop_n_shop_1,
          kennysheep_cross_room, uniq_menkaure
Temple:   regret_index_temple_sphere_string

Skill      XL: |  1  2  3  4  5  6  7  8  9 |
---------------+----------------------------+-----
Dodging        | 2 3 4 |  4.3
Fighting       | 1 2 3 4 5 |  5.6
Maces & Flails | 1 2 3 |  3.7
Spellcasting   | 3 4 5 |  5.3
Armour         | 1 2 3 |  3.3
Conjurations   | 4 5 |  5.4
Hexes          | 1 2 3 |  3.5
Evocations     | 1 2 3 |  3.0
Stealth        | |  1.4

Action                   |  1- 3 |  4- 6 |  7- 9 || total
-------------------------+-------+-------+-------++-------
Melee: Unarmed           |    24 |     1 |       ||    25
       Club              |    18 |       |       ||    18
       Mace              |    16 |    58 |       ||    74
       Flail             |       |     8 |   135 ||   143
       Giant club        |       |       |    15 ||    15
 Cast: Magic Dart        |    23 |    10 |       ||    33
       Searing Ray       |     9 |    20 |    29 ||    58
       Dazzling Flash    |       |     2 |     6 ||     8
       Fulminant Prism   |       |     2 |    29 ||    31
       Iskenderun's Myst |       |       |     2 ||     2
Evoke: Wand              |       |     1 |     7 ||     8
  Use: Scroll            |       |     4 |    14 ||    18
       Potion            |       |       |    13 ||    13
 Stab: Distracted        |       |       |     1 ||     1
       Invisible         |       |       |     1 ||     1
Armor: Robe              |    41 |    31 |    38 ||   110
       Skin              |       |     1 |       ||     1
       Steam dragon scal |       |       |   135 ||   135
Dodge: Dodged            |    54 |    53 |   211 ||   318
